 Seeded DCSS version 0.29.1-15-g9cfb28693d (webtiles) character file.

Game seed: 14451014311251207983 (custom seed)

722448 CInkIbrahim the Impregnable (level 27, -6/193 HPs)
             Began as a Gargoyle Fighter on June 24, 2023.
             Was the Champion of Jiyva.
             Killed from afar by a Brimstone Fiend (48 damage)
             ... with damnation
             ... on level 7 of Gehenna on June 25, 2023.
             The game lasted 03:26:49 (57080 turns).

CInkIbrahim the Impregnable (Gargoyle Fighter)     Turns: 57080, Time: 03:26:49

Health: -6/193     AC: 68    Str: 40    XL:     27
Magic:  23/23      EV: 25    Int:  5    God:    Jiyva [******]
Gold:   3288       SH:  0    Dex: 13    Spells: 26/26 levels left

rFire   + + +      SeeInvis +   a - +18 lance "Wyrmbane" {slay drac, rPois rF+ rC+ AC+3}
rCold   + + +      Faith    .   m - +4 tower shield of Zazxutia {Fly rN++ Regen+}
rNeg    + + +      Spirit   .   t - +7 shadow dragon scales
rPois   ∞          Reflect  +   F - +2 hood of the Assassin {Detection Stab+ Stlth++}
rElec   +          Harm     .   X - +1 cloak of Starlight {*Dazzle EV+4 Stlth--}
rCorr   +          Rampage  .   v - +0 pair of gloves {Str+3}
Will    +++++                   n - +1 pair of boots of Purpose {rF+++ rC+ Int-5}
Stlth   ++++++....              E - amulet of Upaeton {Reflect rC+ Str+4 SH+5 Stlth+}
HPRegen 2.82/turn               Q - ring "Umuhim" {+Blink rF+ Dex+6 SInv}
MPRegen 0.68/turn               U - ring "Guarogapi" {Fly rPois rN+ Will+++ Dex-2}

@: confused, ambrosia-drunk, calling ooze, flying, hasted, studying 2 skills,
unable to read, very quick
A: sickness immunity, AC +20, big wings, negative energy resistance 1,
electricity resistance, torment resistance 1, petrification resistance, horns 2,
iridescent scales 3, cold resistance 2, mutation resistance 1, acidic bite,
eyeballs 1, gelatinous body 3, pseudopods 1, sturdy frame 1
}: 5/15 runes: serpentine, barnacled, slimy, silver, abyssal
a: Renounce Religion, Evoke Blink, Oozemancy, Slimify


You were on level 7 of Gehenna.
You worshipped Jiyva.
Jiyva was exalted by your worship.
You visited 13 branches of the dungeon, and saw 62 of its levels.
You visited the Abyss 1 time.
You also visited: Trove, Bailey and Gauntlet.

You collected 7578 gold pieces.
You spent 4290 gold pieces at shops.

Inventory:

Hand Weapons
 a - the +18 lance "Wyrmbane" (weapon) {slay drac, rPois rF+ rC+ AC+3}
   (You found it on level 3 of the Dungeon)

   It inflicts extra damage against dragons and draconians.
   AC:        It affects your AC (+3).
   rF:        It protects you from fire.
   rC:        It protects you from cold.
   rPois:     It protects you from poison.
 b - a +9 trishula of holy wrath
 c - a +6 vampiric demon trident
 d - the +8 demon trident "Rift" {distort, reach+}
   (You bought it in a shop on level 2 of the Dungeon)

   It warps and distorts space around it, and may blink, banish, or inflict
   extra damage upon those it strikes.
   Unwielding it can cause banishment or high damage.
   It can reach especially far, and its reaching attacks ignore other creatures
   in the way.
Armour
 h - a +2 cloak of stealth
 m - the +4 tower shield of Zazxutia (worn) {Fly rN++ Regen+}
   (You found it in a treasure trove)

   rN:        It greatly protects you from negative energy.
   Fly:       It grants you flight.
   Regen:     It increases your rate of health regeneration.
 n - the +1 pair of boots of Purpose (worn) {rF+++ rC+ Int-5}
   (You found it in a treasure trove)

   Int:       It affects your intelligence (-5).
   rF:        It renders you almost immune to fire.
   rC:        It protects you from cold.
 t - +7 shadow dragon scales (worn)
 v - a +0 pair of gloves of strength (worn)
 F - the +2 hood of the Assassin (worn) {Detection Stab+ Stlth++}
   (You found it on level 2 of the Lair of Beasts)

   It allows the wearer to sense nearby creatures.
   It allows the wearer to make particularly effective stabbing attacks against
   helpless or unaware enemies with any weapon.
   Stlth:     It makes you much more stealthy.
 G - the +15 plate armour "Bimaypso" {Regen+ Str+2 Dex+3}
   (You found it in a treasure trove)

   Str:       It affects your strength (+2).
   Dex:       It affects your dexterity (+3).
   Regen:     It increases your rate of health regeneration.
 L - a +2 kite shield of protection
 M - a +1 kite shield of cold resistance
 N - the +4 dragonskin cloak
   (You took it off Tiamat on level 2 of the Realm of Zot)

   It grants the wearer a chance to resist fire, cold, poison, electricity,
   acid, and negative energy.
 T - +2 fire dragon scales {Xtahua}
 V - +2 ice dragon scales
 W - a +2 pair of gloves of dexterity
 X - the +1 cloak of Starlight (worn) {*Dazzle EV+4 Stlth--}
   (You bought it in a shop on level 4 of the Dungeon)

   It may blind those who miss an attack against the wearer in melee combat.
   EV:        It affects your evasion (+4).
   Stlth:     It makes you much less stealthy.
Jewellery
 x - a +6 ring of strength
 E - the amulet of Upaeton (around neck) {Reflect rC+ Str+4 SH+5 Stlth+}
   (You found it on level 5 of the Pits of Slime)

   [amulet of reflection]

   It reflects blocked missile attacks.
   Str:       It affects your strength (+4).
   rC:        It protects you from cold.
   SH:        It affects your SH (+5).
   Stlth:     It makes you more stealthy.
 Q - the ring "Umuhim" (left hand) {+Blink rF+ Dex+6 SInv}
   (You found it on level 5 of the Pits of Slime)

   [ring of dexterity]

   Dex:       It affects your dexterity (+6).
   rF:        It protects you from fire.
   SInv:      It lets you see invisible.
   +Blink:    It lets you blink.
 U - the ring "Guarogapi" (right hand) {Fly rPois rN+ Will+++ Dex-2}
   (You took it off a deep elf knight on level 11 of the Dungeon)

   [ring of flight]

   Dex:       It affects your dexterity (-2).
   rPois:     It protects you from poison.
   rN:        It protects you from negative energy.
   Fly:       It grants you flight.
   Will:      It greatly increases your willpower.
 Y - the amulet "Hizoumom" {Spirit Drain rN+ Int+4}
   (You bought it in a shop on level 3 of the Dungeon)

   [amulet of guardian spirit]

   It causes incoming damage to be divided between your reserves of health and
   magic.
   Int:       It affects your intelligence (+4).
   rN:        It protects you from negative energy.
   Drain:     It drains your maximum health when unequipped.
Wands
 o - a wand of digging (3)
 K - a wand of paralysis (22)
 O - a wand of roots (28)
 S - a wand of polymorph (7)
Scrolls
 i - 2 scrolls of blinking
 q - 7 scrolls of amnesia
 u - 3 scrolls of vulnerability
 y - 4 scrolls of enchant weapon
 A - 3 scrolls of torment
 B - 18 scrolls of teleportation
 C - 9 scrolls of butterflies
 R - 6 scrolls of magic mapping
Potions
 e - 5 potions of resistance
 f - 8 potions of brilliance
 g - 2 potions of might
 j - 4 potions of heal wounds
 k - 7 potions of ambrosia
 l - 6 potions of berserk rage
 p - 8 potions of haste
 r - 10 potions of attraction
 s - 14 potions of curing
 z - 10 potions of mutation
 D - 8 potions of cancellation
 I - a potion of magic
 Z - 7 potions of lignification
Miscellaneous
 w - a condenser vane
 H - a tin of tremorstones (2/2)
 J - a phial of floods
 P - a lightning rod (4/4)


   Skills:
 + Level 25.0 Fighting
 + Level 20.2 Polearms
 + Level 25.0 Armour
 + Level 18.9 Dodging
 + Level 24.0 Stealth
 + Level 23.5 Shields


You had 26 spell levels left.
You didn't know any spells.
Your spell library contained the following spells:

 Spells                   Type           Power      Damage    Failure   Level
 Apportation              Tloc           0%         N/A       77%         1
 Beastly Appendage        Tmut           0%         N/A       77%         1
 Necrotise                Necr           0%         1d4       77%         1
 Sandblast                Erth           0%         2d4       77%         1
 Sting                    Tmut/Pois      0%         1d3       77%         1
 Blink                    Tloc           0%         N/A       88%         2
 Passwall                 Tmut/Erth      0%         N/A       88%         2
 Poisonous Vapours        Pois/Air       0%         N/A       88%         2
 Scorch                   Fire           0%         2d5       88%         2
 Static Discharge         Conj/Air       0%         3-3/arc   88%         2
 Wereblood                Tmut           0%         N/A       88%         2
 Call Canine Familiar     Summ           0%         N/A       98%         3
 Conjure Flame            Conj/Fire      0%         6-21      98%         3
 Dazzling Flash           Conj/Hex       0%         N/A       98%         3
 Gell's Gravitas          Tloc           0%         N/A       98%         3
 Ozocubu's Armour         Ice            0%         N/A       98%         3
 Portal Projectile        Hex/Tloc       0%         N/A       98%         3
 Spider Form              Tmut/Pois      0%         N/A       98%         3
 Stone Arrow              Conj/Erth      0%         3d7       98%         3
 Teleport Other           Tloc           0%         N/A       98%         3
 Vampiric Draining        Necr           0%         2d6       98%         3
 Airstrike                Air            0%         2d(0-16)  100%        4
 Anguish                  Hex/Necr       0%         N/A       100%        4
 Animate Armour           Summ/Erth      0%         N/A       100%        4
 Animate Dead             Necr           0%         N/A       100%        4
 Cause Fear               Hex            0%         N/A       100%        4
 Corpse Rot               Necr/Pois/Air  0%         N/A       100%        4
 Dispel Undead            Necr           0%         3d6       100%        4
 Flame Wave               Conj/Fire      0%         2d4       100%        4
 Fulminant Prism          Conj/Hex       0%         3d6       100%        4
 Iskenderun's Mystic Bla  Conj/Tloc      0%         2d3       100%        4
 Leda's Liquefaction      Hex/Erth       0%         N/A       100%        4
 Olgreb's Toxic Radiance  Pois           0%         N/A       100%        4
 Petrify                  Tmut/Erth      0%         N/A       100%        4
 Sticky Flame             Conj/Fire      0%         2d3       100%        4
 Summon Lightning Spire   Summ/Air       0%         N/A       100%        4
 Agony                    Necr           0%         N/A       100%        5
 Fireball                 Conj/Fire      0%         3d3       100%        5
 Freezing Cloud           Conj/Ice/Air   0%         6-21      100%        5
 Lee's Rapid Deconstruct  Erth           0%         3d5*      100%        5
 Lightning Bolt           Conj/Air       0%         1d11      100%        5
 Manifold Assault         Tloc           0%         N/A       100%        5
 Metabolic Englaciation   Hex/Ice        0%         N/A       100%        5
 Silence                  Hex/Air        0%         N/A       100%        5
 Summon Forest            Summ/Tloc      0%         N/A       100%        5
 Death Channel            Necr           0%         N/A       100%        6
 Dispersal                Tloc           0%         N/A       100%        6
 Eringya's Noxious Bog    Tmut/Pois      0%         N/A       100%        6
 Iron Shot                Conj/Erth      0%         9d1       100%        6
 Simulacrum               Ice/Necr       0%         N/A       100%        6
 Starburst                Conj/Fire      0%         6d3       100%        6
 Summon Cactus Giant      Summ           0%         N/A       100%        6
 Dragon Form              Tmut           0%         N/A       100%        7
 Enfeeble                 Hex            0%         N/A       100%        7
 Malign Gateway           Summ/Tloc      0%         N/A       100%        7
 Monstrous Menagerie      Summ           0%         N/A       100%        7
 Ozocubu's Refrigeration  Ice            0%         4d7       100%        7
 Storm Form               Tmut/Air       0%         N/A       100%        7
 Summon Hydra             Summ           0%         N/A       100%        7
 Borgnjor's Revivificati  Necr           0%         N/A       100%        8
 Discord                  Hex            0%         N/A       100%        8
 Disjunction              Tloc           0%         N/A       100%        8
 Ignition                 Fire           0%         3d3       100%        8
 Lehudib's Crystal Spear  Conj/Erth      0%         10d2      100%        8
 Maxwell's Capacitive Co  Air            0%         ∞         100%        8
 Dragon's Call            Summ           0%         N/A       100%        9
 Sublimation of Blood     Necr           Unusable   N/A       N/A         2
 Statue Form              Tmut/Erth      Unusable   N/A       N/A         6

Dungeon Overview and Level Annotations

Branches:
Dungeon (15/15)            Temple (0/1) D:4            Lair (5/5) D:8
 Shoals (4/4) Lair:3        Snake (4/4) Lair:2        Slime (5/5) Lair:5
    Orc (2/2) D:12            Elf (3/3) Orc:2        Vaults (5/5) D:14
  Crypt (3/3) Vaults:2       Tomb (0/3) Crypt:3      Depths (4/4) D:15
   Hell (visited)             Dis (0/7) Hell            Geh (7/7) Hell
    Coc (0/7) Hell            Tar (0/7) Hell            Zot (5/5) Depths:4
 Bailey (visited)         Gauntlet (visited)

Altars:
Ashenzari
Cheibriados
Elyvilon
Fedhas
Gozag
Hepliaklqana
Kikubaaqudgha
Makhleb
Nemelex Xobeh
Okawaru
Ru
Sif Muna
Uskayaw
Vehumet
Xom
Yredelemnul
Zin
The Shining One
Jiyva

Shops:
D:1 *   D:2 (   D:3 =   D:4 [   D:6 !   D:10 *   D:12 =   D:14 :   D:15 (
Orc:2 (:[*:   Elf:3 :   Shoals:1 =   Shoals:3 (!   Vaults:3 ***

Portals:
Hell: Depths:1 Depths:2 Depths:3 Depths:4
Abyss: Depths:1 Depths:3
Pandemonium: Depths:2
Ziggurat: Depths:1

Annotations:
Slime:5 Royal Jelly
Geh:7 Asmodeus
Zot:5 4 transporters


Innate Abilities, Weirdness & Mutations

You are immune to sickness and miasma.
Your stone body is resilient. (AC +20)
You are immune to poison.
Your large and strong wings let you fly.
You resist negative energy. (rN+)
You are resistant to electric shocks. (rElec)
You are resistant to unholy torment.
You are immune to petrification.
You have a pair of horns on your head.
You are completely covered in iridescent scales. (AC +6)
Your flesh is very cold resistant. (rC++)
You are somewhat resistant to further mutation.
You have acidic saliva.
Your body has grown eyes which may confuse attackers. (Acc +3)
Your gelatinous body deflects attacks. (AC +3, EV +3)
Armour fits poorly on your pseudopods.
Your movements are slightly less encumbered by armour. (ER -2)


Message History

You are engulfed in blazing flames.
You resist.
The walls burn the balrug!
The balrug gestures at you. Something smites you!
You closely miss Asmodeus.
Asmodeus is moderately wounded.
The walls burn the searing wretch!
You block Asmodeus's attack.
The walls burn the Brimstone Fiend!
The Brimstone Fiend gestures at you.
The sphere of damnation explodes!
The damnation engulfs you!!
* * * LOW HITPOINT WARNING * * *
The damnation engulfs the Brimstone Fiend.
The Brimstone Fiend completely resists.
The damnation engulfs the Brimstone Fiend.
The Brimstone Fiend completely resists.
The damnation engulfs the Brimstone Fiend.
The Brimstone Fiend completely resists.
The damnation engulfs Asmodeus.
Asmodeus completely resists.
You block the Brimstone Fiend's attack.
The Brimstone Fiend hits you but does no damage. x2
Asmodeus shouts, "Back with thee, thou pox-marked beef-witted whip-jack!"
You hear a trumpeting!
You feel much better.
You are engulfed in blazing flames.
You resist.
The walls burn the Brimstone Fiend!
The Brimstone Fiend misses you. The Brimstone Fiend barely misses you.
You block the Brimstone Fiend's attack.
The walls burn the balrug!
You are confused.
You feel invigorated.
You are engulfed in blazing flames.
You resist.
The walls burn the Brimstone Fiend!
The Brimstone Fiend gestures at you.
The sphere of damnation explodes!
The damnation engulfs you!!
* * * LOW HITPOINT WARNING * * *
The damnation engulfs the Brimstone Fiend.
The Brimstone Fiend completely resists.
The damnation engulfs the Brimstone Fiend.
The Brimstone Fiend completely resists.
The damnation engulfs the Brimstone Fiend.
The Brimstone Fiend completely resists.
The damnation engulfs Asmodeus.
Asmodeus completely resists.
The Brimstone Fiend gestures at you.
The sphere of damnation explodes!
The damnation engulfs you!!!
You die...

#.....#|}+.#..# #.....#||+.#..#
')....####.#..##++##
').........#..#....#
############..#....#
#.{........#..#....#
'..........#..#.○○°#
'..........#..n.1&.#
#..........#..#1@12# §§§≈§≈≈≈§..
#..........######### #≈§≈§§§≈§§§.
#..........###########§§§§≈≈§≈...
##########†##≈≈§≈≈≈≈≈≈≈§§§§≈≈≈...
≈≈§≈≈≈≈≈#...#≈≈≈§§§≈≈≈≈§§≈§§≈...
≈§≈≈≈≈≈≈#...#≈≈§§≈≈≈≈≈≈§≈≈§≈§.###
≈≈§§≈≈≈≈#.§.#≈§§≈§§§≈≈≈≈≈≈≈...#..
≈§§§≈§§≈##§##§≈§≈≈§§§≈≈§≈.§...#.#
≈≈§§§§≈≈≈≈.≈≈≈≈≈≈≈§≈§≈§...§...#.#


You could see Asmodeus (wandering, clouds), a searing wretch (confused), 3
Brimstone Fiends and a balrug (summoned).

Vanquished Creatures
  A dread lich (Abyss:3)
  Tiamat (Zot:2)
  An ancient lich (Vaults:5)
  An orb of fire (Zot:2)
  Khufu (Crypt:3)
  Mennas (Depths:3)
  Josephina (Depths:3)
  The ghost of Teduw the Impregnable, a veteran MiGl of Hepliaklqana (Crypt:1)
  Bai Suzhen (Shoals:2)
  Xtahua (Crypt:2)
  Margery (Vaults:4)
  Geryon (Hell)
  14 golden dragons
  2 curse toes
  5 bone dragons
  A profane servitor (Crypt:3)
  The ghost of Droegar the Slayer, an adept MiBe of Trog (Vaults:3)
  A shard shrike zombie (Abyss:3)
  4 electric golems
  7 Brimstone Fiends
  29 tentacled monstrosities
  13 hellephants
  7 Orb Guardians (Zot:5)
  12 quicksilver dragons
  2 deep elf blademasters (Elf:3)
  A Hell Sentinel (Abyss:4)
  18 searing wretches
  A walking divine tome (Depths:4)
  9 liches
  11 titans
  5 deep elf master archers
  Polyphemus (Shoals:4)
  5 tentacled starspawn
  6 ancient champions
  7 death cobs
  A kraken (Shoals:2)
  13 shadow dragons
  9 sphinxes
  12 storm dragons
  6 tengu reavers
  Roxanne (Snake:4)
  3 nagarajas
  Donald (Shoals:1)
  2 revenants
  17 draconian monks
  8 draconian knights
  15 fire giants
  Aizul (Shoals:2)
  12 frost giants
  27 balrugs
  2 iron dragons
  18 vault wardens
  3 orc warlords
  9 draconian stormcallers
  2 deep elf sorcerers (Elf:3)
  8 draconian scorchers
  A cacodemon (Abyss:4)
  Louise (D:15)
  4 ghost moths
  9 draconian shifters
  A draconian annihilator (Zot:3)
  11 ghouls
  19 ironbound preservers
  4 spriggan defenders
  26 stone giants
  6 reapers (Hell)
  7 deep elf elementalists (Elf:3)
  6 war gargoyles
  2 curse skulls (Crypt:2)
  25 very ugly things
  8 ironbound thunderhulks
  2 starflowers (Abyss:3)
  Nessos (D:13)
  2 deep elf demonologists (Elf:3)
  8 dire elephants (Vaults:3)
  Azrael (Snake:3)
  2 entropy weavers (Vaults:1)
  15 green draconians
  A lorocyproca (Hell)
  17 vampire knights
  12 yellow draconians
  18 red draconians
  10 black draconians
  A minotaur (Gauntlet)
  14 purple draconians
  10 deep elf annihilators
  The ghost of javelincjr the Fighter, a journeyman DjFE of Qazlal (D:12)
  The ghost of Siuc the Protected, a journeyman MiFi of Okawaru (Shoals:3)
  11 white draconians
  7 spark wasps
  The ghost of Taurus the Severer, a journeyman MiFi of the Shining One (Lair:2)
  25 ettins
  7 deep elf death magi
  9 merfolk impalers
  2 blizzard demons
  4 deep elf high priests
  21 jiangshi
  The ghost of Twinkles the Spear-Bearer, a journeyman VSBr of Jiyva (Lair:5)
  4 merfolk javelineers
  A crystal guardian (Vaults:3)
  2 mummy priests (Crypt:3)
  11 fire dragons
  19 yaktaur captains
  Harold (D:9)
  6 boulder beetles
  5 rakshasas
  35 vault guards
  8 salamander tyrants
  8 ice dragons
  An ogre mage (Vaults:5)
  8 centaur warriors
  3 peacekeepers
  3 alligator snapping turtles
  6 spriggan air magi
  8 ironbound frosthearts
  9 anacondas
  A catoblepas (Shoals:4)
  A satyr (shapeshifter) (Vaults:5)
  11 hydras
  5 merfolk avatars
  5 death knights
  35 hell hogs
  17 naga warriors
  30 dancing weapons
  5 two-headed ogres
  A stoker (Geh:6)
  An alligator (Shoals:2)
  2 satyrs
  6 merfolk aquamancers (Shoals:4)
  12 deep troll shamans
  7 naga sharpshooters
  8 deep troll earth magi
  Urug (D:11)
  11 thrashing horrors
  7 shock serpents
  2 death yaks (Shoals:4)
  4 vampire magi
  6 tengu warriors
  17 deep elf knights
  4 orc high priests (Orc:2)
  10 spriggan berserkers
  Sonja (Lair:4)
  13 sun demons (Hell)
  6 wretched stars
  2 soul eaters (Hell)
  17 hell knights
  An iron troll (Depths:1)
  4 salamander mystics
  17 sea snakes
  34 skeletal warriors
  3 shadow wraiths
  An entropy weaver zombie (Crypt:2)
  4 sixfirhies
  2 shadow demons (Geh:2)
  A quicksilver dragon simulacrum (Depths:3)
  66 deep trolls
  A swamp dragon (shapeshifter) (Vaults:4)
  8 naga ritualists
  4 bog bodies (Crypt:2)
  43 starcursed masses
  9 necromancers
  Pikel (D:7)
  16 phantasmal warriors
  A spriggan simulacrum (Crypt:1)
  6 flayed ghosts
  34 harpies
  11 deep elf archers
  11 lindwurms
  7 wizards
  A goliath frog zombie (Crypt:2)
  A harpy (shapeshifter) (Abyss:3)
  27 deep elf zephyrmancers
  21 ironbound convokers
  19 deep elf pyromancers
  16 mana vipers
  An oklob plant (Lair:4)
  12 orc knights
  5 orc sorcerers
  A wolf spider (Lair:5)
  2 worldbinders (Abyss:4)
  3 fauns
  31 ugly things
  23 large abominations
  30 moths of wrath
  4 elephants
  14 salamanders
  7 cyclopes
  23 manticores
  A draconian zombie (Crypt:1)
  2 titan simulacra
  22 vault sentinels
  2 frost giant skeletons (Vaults:4)
  16 merfolk sirens
  29 black mambas
  A shock serpent zombie (Crypt:1)
  2 rust devils
  3 apocalypse crabs
  20 naga magi
  7 smoke demons
  2 spectral iron trolls (Crypt:1)
  6 water nymphs
  6 guardian serpents
  9 cane toads
  3 orange demons
  6 hellions
  3 unseen horrors (Depths:1)
  2 centaur skeletons (Crypt:3)
  7 freezing wraiths
  A yellow draconian zombie (Crypt:2)
  4 rime drakes
  9 komodo dragons
  An ice devil (Hell)
  A kobold demonologist (Abyss:3)
  A hellwing (Abyss:4)
  7 guardian mummies (Crypt:3)
  2 dire elephant skeletons
  7 tormentors
  6 tengu conjurers
  A golden dragon simulacrum (Depths:3)
  47 yaktaurs
  3 spectral deep trolls (Crypt:1)
  A yaktaur skeleton (Vaults:4)
  A harpy zombie (Crypt:1)
  10 hornets
  5 ancient zymes
  4 meliai
  6 wind drakes
  3 trolls
  Grinder (D:6)
  A queen bee (Gauntlet)
  32 merfolk
  Prince Ribbit (D:7)
  4 polar bears
  4 blink frogs (Lair:5)
  8 dream sheep
  A dream sheep (shapeshifter) (Vaults:1)
  An ettin zombie (Vaults:4)
  11 snapping turtles
  6 raiju
  A human simulacrum (Vaults:4)
  A fire dragon zombie (Crypt:2)
  3 fire giant simulacra
  A centaur simulacrum (D:14)
  A ynoxinul (Depths:2)
  7 shadows
  16 water elementals
  3 air elementals
  20 wyverns
  9 wraiths
  62 flying skulls
  9 spriggans
  3 vampires
  16 humans
  4 fire elementals
  A basilisk (shapeshifter) (D:14)
  5 basilisks
  22 yaks
  6 chaos spawn
  A black mamba skeleton (Crypt:2)
  2 redbacks
  A redback (shapeshifter) (D:11)
  A glowing orange brain zombie (Crypt:2)
  2 neqoxecs
  Menkaure (D:5)
  A harpy simulacrum (Crypt:3)
  11 vampire mosquitoes
  32 nagas
  Edmund (D:5)
  20 water moccasins
  4 wargs
  A fire bat skeleton (Crypt:1)
  16 hell hounds
  48 orc warriors
  An ice beast (Vaults:4)
  An ettin simulacrum (Vaults:4)
  2 black bears
  An elephant zombie (Crypt:2)
  5 boggarts (D:14)
  11 wolves
  7 ogres
  5 centaurs
  2 phantoms (D:5)
  Blork the orc (D:6)
  6 kobold brigands
  13 bullfrogs
  4 lemures (D:7)
  6 necrophages
  2 gnoll sergeants
  An earth elemental (Elf:1)
  4 scorpions
  12 wights
  A water moccasin skeleton (Crypt:1)
  15 killer bees
  A troll zombie (Crypt:2)
  A yak zombie (Crypt:1)
  An electric eel (Lair:5)
  A lava snake (D:14)
  2 quasits
  An iron imp (Abyss:3)
  36 orc priests
  A gnoll bouda (Lair:5)
  9 iguanas
  25 orc wizards
  12 hell rats
  14 small abominations
  A killer bee zombie (Crypt:2)
  A tengu zombie (Crypt:1)
  A deep dwarf zombie (Crypt:1)
  9 gnolls
  7 adders
  A white imp (Abyss:3)
  An ufetubus (Abyss:4)
  2 worms
  2 dart slugs
  109 orcs
  7 ball pythons
  3 bats
  A bat skeleton (Crypt:2)
  An endoplasm (D:1)
  3 giant cockroaches
  3 hobgoblins
  2 jackals (D:3)
  4 quokkas
  3 training dummies (D:15)
  8 goblins
  21 kobolds
  A kobold skeleton (Crypt:1)
  3 rats
  A spectral orc (D:9)
  6 creeping infernos
  30 fire vortices
  3 lurking horrors
  3 starspawn tentacles
2702 creatures vanquished.

Vanquished Creatures (collateral kills)
  A fire giant (Depths:4)
  A komodo dragon (Lair:1)
  An orc warrior (Bailey)
  An orc priest (D:7)
  An iguana (Lair:1)
  An orc (D:7)
6 creatures vanquished.

Vanquished Creatures (others)
  A nagaraja (Snake:4)
  A cacodemon (Hell)
  A ghost moth (Zot:4)
  A very ugly thing (Depths:3)
  A red draconian (Zot:1)
  A purple draconian (Zot:4)
  3 glowing orange brains
  6 great orbs of eyes
  A spriggan air mage (Depths:3)
  A rakshasa (Abyss:4)
  An ironbound frostheart (Vaults:1)
  A deep troll shaman (Depths:1)
  A satyr (shapeshifter) (Depths:3)
  3 deep elf knights
  2 wizards
  An obsidian statue (Vaults:3)
  A phantasmal warrior (Vaults:4)
  An ironbound convoker (Vaults:1)
  2 deep elf pyromancers (Elf:1)
  A necromancer (Vaults:5)
  An ugly thing (Vaults:2)
  A wolf spider (shapeshifter) (Vaults:5)
  2 merfolk sirens (Shoals:4)
  A vault sentinel (Vaults:2)
  A water nymph (shapeshifter) (Vaults:4)
  An unseen horror (Abyss:4)
  A rime drake (shapeshifter) (Depths:3)
  3 yaktaurs
  A tormentor (Geh:4)
  A merfolk (shapeshifter) (Vaults:5)
  A polar bear (shapeshifter) (Depths:1)
  5 slime creatures
  A wind drake (shapeshifter) (D:11)
  A hornet (Lair:5)
  A snapping turtle (shapeshifter) (D:11)
  2 dream sheep (Shoals:2)
  A dream sheep (shapeshifter) (Depths:2)
  An air elemental (Elf:1)
  A wraith (Abyss:4)
  A shadow (D:10)
  2 wyverns
  4 golden eyes
  A black bear (D:6)
  A bullfrog (Lair:4)
  A wight (Abyss:4)
  303 jellies
  A starcursed mass (Abyss:3)
  A quasit (Abyss:3)
  A hound (D:5)
  A jelly (shapeshifter) (Abyss:2)
  3 orc priests
  An iguana (D:7)
  6 orc wizards
  Robin (D:4)
  3 adders
  A white imp (D:7)
  13 orcs
  2 ball pythons (D:3)
  An endoplasm (D:3)
  4 hobgoblins
  A jackal (D:3)
  A quokka (shapeshifter) (Vaults:5)
  A bat (D:2)
  8 goblins
  3 creeping infernos
  5 fire vortices
  54 fungi
  278 plants
  9 starspawn tentacles
  4 tentacles (Shoals:2)
774 creatures vanquished.

Grand Total: 3482 creatures vanquished

Notes
Turn   | Place    | Note
-------+----------+-------------------------------------------
     0 | D:1      | CInkIbrahim the Gargoyle Fighter began the quest for the
                  | Orb.
     0 | D:1      | Reached XP level 1. HP: 14/14 MP: 1/1
   498 | D:1      | Found Esaut's General Store.
   586 | D:1      | Found a faded altar of an unknown god.
   685 | D:1      | Reached XP level 2. HP: 3/19 MP: 2/2
   688 | D:1      | Prayed at the altar of an unknown god.
   688 | D:1      | Became a worshipper of Jiyva Jitru the Shapeless
   688 | D:1      | Reached * piety under Jiyva
  1153 | D:2      | Found Maitz's Antique Weapon Boutique.
  1211 | D:2      | Reached XP level 3. HP: 23/23 MP: 3/3
  1309 | D:2      | Reached ** piety under Jiyva
  1634 | D:3      | Found a glowing golden altar of the Shining One.
  1656 | D:3      | Noticed a scorpion
  1664 | D:3      | Killed a scorpion
  1665 | D:3      | Reached XP level 4. HP: 27/28 MP: 4/4
  1740 | D:3      | Found Jule's Jewellery Shoppe.
  1867 | D:3      | Reached XP level 5. HP: 32/32 MP: 5/5
  2042 | D:3      | Found the +8 lance "Wyrmbane" {slay drac, rPois rF+ rC+
                  | AC+3}
  2101 | D:3      | Reached *** piety under Jiyva
  2416 | D:4      | Reached skill level 5 in Polearms
  2419 | D:4      | Found a staircase to the Ecumenical Temple.
  2513 | D:4      | Reached XP level 6. HP: 37/37 MP: 6/6
  2515 | D:4      | Killed Robin
  2730 | D:4      | Found a sparkling altar of Nemelex Xobeh.
  2732 | D:4      | Gained mutation: You have a small jelly attached to you
                  | that may absorb projectiles. [Jiyva's grace]
  2732 | D:4      | Gained mutation: You are agile. (Dex +4, Str/Int -1)
                  | [Jiyva's grace]
  2732 | D:4      | Gained mutation: You are very agile. (Dex +8, Str/Int -2)
                  | [Jiyva's grace]
  2732 | D:4      | Gained mutation: Armour fits poorly on your pseudopods.
                  | [Jiyva's grace]
  2746 | D:4      | Found Kiaci's Armour Boutique.
  2888 | D:4      | Found an iron altar of Okawaru.
  3119 | D:4      | Reached **** piety under Jiyva
  3128 | D:5      | Entered Level 5 of the Dungeon
  3136 | D:5      | Noticed a water moccasin
  3148 | D:5      | Killed a water moccasin
  3182 | D:5      | Reached XP level 7. HP: 22/41 MP: 7/7
  3188 | D:5      | Noticed Menkaure
  3203 | D:5      | Killed Menkaure
  3236 | D:5      | Reached XP level 8. HP: 36/46 MP: 8/8
  3305 | D:5      | Noticed Edmund
  3316 | D:5      | Killed Edmund
  3391 | D:5      | Found a hide-covered altar of Uskayaw.
  3589 | D:6      | Noticed Grinder
  3600 | D:6      | Killed Grinder
  3642 | D:6      | Noticed Blork the orc
  3651 | D:6      | Killed Blork the orc
  3660 | D:6      | Reached ***** piety under Jiyva
  3664 | D:6      | Reached skill level 10 in Polearms
  3756 | D:6      | Reached XP level 9. HP: 51/51 MP: 9/9
  3774 | D:6      | Found Coileif's Distillery.
  3782 | D:6      | Bought a potion of curing for 30 gold pieces
  3782 | D:6      | Bought a potion of degeneration for 10 gold pieces
  3782 | D:6      | Bought a potion of attraction for 30 gold pieces
  4291 | D:6      | Lost mutation: You are very agile. (Dex +8, Str/Int -2)
                  | [Jiyva's grace]
  4291 | D:6      | Lost mutation: You are agile. (Dex +4, Str/Int -1) [Jiyva's
                  | grace]
  4291 | D:6      | Lost mutation: You have a small jelly attached to you that
                  | may absorb projectiles. [Jiyva's grace]
  4291 | D:6      | Gained mutation: You are somewhat resistant to further
                  | mutation. [Jiyva's grace]
  4291 | D:6      | Gained mutation: You are somewhat resistant to both further
                  | mutation and mutation removal. [Jiyva's grace]
  4291 | D:6      | Gained mutation: You are almost entirely resistant to
                  | further mutation and mutation removal. [Jiyva's grace]
  4291 | D:6      | Gained mutation: You are covered in slimy tendrils that may
                  | disarm your opponents. [Jiyva's grace]
  4567 | D:7      | Found a flagged portal.
  4568 | D:7      | Noticed Pikel
  4612 | D:7      | Killed Pikel
  4621 | Bailey   | Entered a bailey
  4684 | Bailey   | Noticed an orc knight
  4705 | Bailey   | Killed an orc knight
  4740 | Bailey   | Reached XP level 10. HP: 58/58 MP: 10/10
  4744 | Bailey   | Reached skill level 5 in Fighting
  4744 | Bailey   | Reached skill level 5 in Armour
  4762 | Bailey   | Found an iron altar of Okawaru.
  4818 | D:7      | Noticed Prince Ribbit
  4826 | D:7      | Killed Prince Ribbit
  5121 | D:7      | Found a blossoming altar of Fedhas.
  5129 | D:7      | Found a sacrificial altar of Ru.
  5680 | D:8      | Noticed an elephant
  5681 | D:8      | Found a staircase to the Lair.
  5751 | D:7      | Killed an elephant
  5828 | D:8      | Reached ****** piety under Jiyva
  5897 | Lair:1   | Entered Level 1 of the Lair of Beasts
  5925 | Lair:1   | Noticed a cane toad
  5926 | Lair:1   | Found the +9 heavy crossbow "Sniper" {vorpal, Acc+∞ SInv}
  5932 | Lair:1   | Killed a cane toad
  6034 | Lair:1   | Reached XP level 11. HP: 69/69 MP: 11/11
  6201 | Lair:1   | Identified the +1 scale mail of the Jumping Gods {Rampage}
  6356 | Lair:1   | Lost mutation: Armour fits poorly on your pseudopods.
                  | [Jiyva's grace]
  6356 | Lair:1   | Lost mutation: You are covered in slimy tendrils that may
                  | disarm your opponents. [Jiyva's grace]
  6356 | Lair:1   | Gained mutation: Your melee attacks may engulf your foes in
                  | ooze. [Jiyva's grace]
  6356 | Lair:1   | Gained mutation: Armour fits poorly on your pseudopods.
                  | [Jiyva's grace]
  6356 | Lair:1   | Gained mutation: Armour fits poorly on your large
                  | pseudopods. [Jiyva's grace]
  6356 | Lair:1   | Gained mutation: Armour fits poorly on your massive
                  | pseudopods. [Jiyva's grace]
  6434 | Lair:1   | Noticed a five-headed hydra
  6441 | Lair:1   | Killed a five-headed hydra
  6442 | Lair:1   | Reached skill level 10 in Fighting
  6442 | Lair:1   | Reached skill level 10 in Armour
  6713 | Lair:2   | Found the +2 hood of the Assassin {Detection Stab+ Stlth++}
  6715 | Lair:2   | Found a runed translucent door.
  6715 | Lair:2   | Noticed Taurus's ghost (journeyman MiFi)
  6773 | Lair:2   | Found a staircase to the Snake Pit.
  7115 | Lair:2   | Identified the +1 trident "Deatap" {freeze, rElec rF+ Str+2
                  | SInv}
  7115 | Lair:2   | Noticed a spriggan rider
  7381 | D:4      | Bought the +1 cloak of Starlight {*Dazzle EV+4 Stlth--} for
                  | 305 gold pieces
  7381 | D:4      | Found the +1 cloak of Starlight {*Dazzle EV+4 Stlth--}
  7437 | D:3      | Bought the amulet "Hizoumom" {Spirit Drain rN+ Int+4} for
                  | 484 gold pieces
  7695 | Lair:3   | Noticed an eight-headed hydra
  7709 | Lair:3   | Killed an eight-headed hydra
  7710 | Lair:3   | Reached skill level 1 in Stealth
  7785 | Lair:3   | Found a staircase to the Shoals.
  8028 | Lair:3   | Reached XP level 12. HP: 80/80 MP: 12/12
  8093 | Lair:3   | Lost mutation: You are almost entirely resistant to further
                  | mutation and mutation removal. [Jiyva's grace]
  8093 | Lair:3   | Lost mutation: Armour fits poorly on your massive
                  | pseudopods. [Jiyva's grace]
  8093 | Lair:3   | Gained mutation: Your rubbery body absorbs attacks. (AC +1,
                  | EV +1) [Jiyva's grace]
  8093 | Lair:3   | Gained mutation: Your pliable body absorbs attacks. (AC +2,
                  | EV +2) [Jiyva's grace]
  8093 | Lair:3   | Gained mutation: Your gelatinous body deflects attacks. (AC
                  | +3, EV +3) [Jiyva's grace]
  8093 | Lair:3   | Gained mutation: You are strong-willed. (Will+) [Jiyva's
                  | grace]
  8308 | Lair:4   | Noticed Sonja
  8333 | Lair:4   | Killed Sonja
  8362 | Lair:4   | Reached skill level 5 in Shields
  8448 | Lair:4   | Noticed a six-headed hydra
  8460 | Lair:4   | Killed a six-headed hydra
  8609 | Lair:4   | Reached skill level 5 in Stealth
  9017 | Lair:5   | Entered Level 5 of the Lair of Beasts
  9023 | Lair:5   | Found a runed translucent door.
  9028 | Lair:5   | Identified a scroll of acquirement
  9031 | Lair:5   | Acquired 414 gold pieces
  9052 | Lair:5   | Noticed a boulder beetle
  9083 | Lair:5   | Killed a boulder beetle
  9203 | Lair:5   | Noticed a four-headed hydra
  9213 | Lair:5   | Killed a four-headed hydra
  9264 | Lair:5   | Reached XP level 13. HP: 86/86 MP: 13/13
  9544 | Lair:5   | Found a staircase to the Slime Pits.
  9561 | Lair:5   | Lost mutation: You are somewhat resistant to both further
                  | mutation and mutation removal. [Jiyva's grace]
  9561 | Lair:5   | Lost mutation: Your gelatinous body deflects attacks. (AC
                  | +3, EV +3) [Jiyva's grace]
  9561 | Lair:5   | Lost mutation: Armour fits poorly on your large pseudopods.
                  | [Jiyva's grace]
  9561 | Lair:5   | Gained mutation: You have a somewhat thin skeletal
                  | structure. (Dex +2, Stealth+) [Jiyva's grace]
  9561 | Lair:5   | Gained mutation: You have a moderately thin skeletal
                  | structure. (Dex +4, Stealth++) [Jiyva's grace]
  9561 | Lair:5   | Gained mutation: You have an unnaturally thin skeletal
                  | structure. (Dex +6, Stealth+++) [Jiyva's grace]
  9561 | Lair:5   | Gained mutation: You have a small jelly attached to you
                  | that senses nearby items. [Jiyva's grace]
  9974 | Lair:5   | Noticed Twinkles's ghost (journeyman VSBr)
 10067 | Lair:5   | Killed Twinkles's ghost
 10340 | D:9      | Found a basalt altar of Yredelemnul.
 10631 | D:9      | Found a snail-covered altar of Cheibriados.
 10720 | D:9      | Noticed Harold
 10728 | D:9      | Killed Harold
 10904 | D:9      | Found a shimmering blue altar of Sif Muna.
 11004 | D:10     | Entered Level 10 of the Dungeon
 11026 | D:10     | Found a burning altar of Makhleb.
 11026 | D:10     | Found a glowing silver altar of Zin.
 11027 | D:10     | Noticed an angel
 11027 | D:10     | Noticed a balrug
 11251 | D:10     | Found a shimmering altar of Xom.
 11430 | D:10     | Found Numnish's Assorted Antiques.
 11438 | D:10     | Bought a scroll labelled CATRIG CY UKH for 22 gold pieces
 11541 | D:10     | Found a radiant altar of Vehumet.
 11852 | D:11     | Lost mutation: You have an unnaturally thin skeletal
                  | structure. (Dex +6, Stealth+++) [Jiyva's grace]
 11852 | D:11     | Lost mutation: Your melee attacks may engulf your foes in
                  | ooze. [Jiyva's grace]
 11852 | D:11     | Gained mutation: You have a pair of small horns on your
                  | head. [Jiyva's grace]
 11852 | D:11     | Gained mutation: You have a pair of horns on your head.
                  | [Jiyva's grace]
 11852 | D:11     | Gained mutation: You have a pair of large horns on your
                  | head. [Jiyva's grace]
 11852 | D:11     | Gained mutation: Your spells are a little harder to cast,
                  | but a little more powerful. [Jiyva's grace]
 11992 | D:11     | Noticed Urug
 12003 | D:11     | Killed Urug
 12333 | D:11     | Identified the ring "Guarogapi" {Fly rPois rN+ Will+++
                  | Dex-2}
 12353 | D:11     | Gained mutation: Your large and strong wings let you fly.
                  | [Gargoyle growth]
 12353 | D:11     | Reached XP level 14. HP: 94/94 MP: 14/14
 12375 | D:11     | Noticed a storm dragon
 12412 | D:11     | Noticed a fire giant
 12425 | D:11     | Killed a fire giant
 12504 | D:11     | Identified the +5 morningstar of the Freezing Priest
                  | {venom, Int+2 Dex+6}
 12526 | D:11     | Reached skill level 10 in Shields
 12902 | D:11     | Killed a storm dragon
 13101 | D:12     | Found Sironigh's Jewellery Emporium.
 13174 | D:12     | Found a staircase to the Orcish Mines.
 13396 | D:12     | Noticed javelincjr's ghost (journeyman DjFE)
 13405 | D:12     | Found a runed translucent gate.
 13550 | D:12     | Found a runed translucent gate.
 13559 | D:12     | Found a runed translucent gate.
 13758 | D:12     | Killed javelincjr's ghost
 13810 | Orc:1    | Entered Level 1 of the Orcish Mines
 13840 | Orc:1    | Lost mutation: You are somewhat resistant to further
                  | mutation. [Jiyva's grace]
 13840 | Orc:1    | Lost mutation: Your pliable body absorbs attacks. (AC +2,
                  | EV +2) [Jiyva's grace]
 13840 | Orc:1    | Gained mutation: Your pliable body absorbs attacks. (AC +2,
                  | EV +2) [Jiyva's grace]
 13840 | Orc:1    | Gained mutation: Your gelatinous body deflects attacks. (AC
                  | +3, EV +3) [Jiyva's grace]
 13840 | Orc:1    | Gained mutation: You expend magic power (3 MP) to
                  | strengthen your wands. [Jiyva's grace]
 13840 | Orc:1    | Gained mutation: You are partially covered in iridescent
                  | scales. (AC +2) [Jiyva's grace]
 14203 | Orc:2    | Entered Level 2 of the Orcish Mines
 14203 | Orc:2    | Found a staircase to the Elven Halls.
 14203 | Orc:2    | Found Wuawaor's Book Shoppe.
 14513 | Orc:2    | Noticed an orc warlord
 14537 | Orc:2    | Reached skill level 15 in Armour
 14540 | Orc:2    | Killed an orc warlord
 14541 | Orc:2    | Reached skill level 15 in Fighting
 14616 | Orc:2    | Reached XP level 15. HP: 102/103 MP: 15/15
 14700 | Orc:2    | Found Nebil's Antique Armour Shop.
 14701 | Orc:2    | Found Jiosyheg's Antique Weapon Boutique.
 14703 | Orc:2    | Found Erghaen's General Store.
 14703 | Orc:2    | Found Fuozipun's Book Shop.
 14719 | Orc:2    | Bought a scroll of identify for 28 gold pieces
 14723 | Orc:2    | Bought a scroll of teleportation for 42 gold pieces
 15446 | D:13     | Noticed Nessos
 15469 | D:13     | Killed Nessos
 16052 | D:14     | Found a gate to the Vaults.
 16376 | D:14     | Lost mutation: You have a pair of large horns on your head.
                  | [Jiyva's grace]
 16376 | D:14     | Lost mutation: You are strong-willed. (Will+) [Jiyva's
                  | grace]
 16376 | D:14     | Lost mutation: Your gelatinous body deflects attacks. (AC
                  | +3, EV +3) [Jiyva's grace]
 16376 | D:14     | Lost mutation: Your pliable body absorbs attacks. (AC +2,
                  | EV +2) [Jiyva's grace]
 16376 | D:14     | Gained mutation: You possess an exceptional clarity of
                  | mind. [Jiyva's grace]
 16376 | D:14     | Gained mutation: You have large cloven feet. [Jiyva's
                  | grace]
 16376 | D:14     | Gained mutation: You have hoof-like feet. [Jiyva's grace]
 16376 | D:14     | Gained mutation: You have hooves in place of feet. [Jiyva's
                  | grace]
 16692 | D:14     | Found Lotunaar's Book Emporium.
 17010 | D:15     | Entered Level 15 of the Dungeon
 17031 | D:15     | Found Tonimomu's Firing Range.
 17153 | D:15     | Found a gate leading to a gauntlet.
 17200 | Gauntlet | Entered a Gauntlet
 17200 | Gauntlet | Found a transporter.
 17200 | Gauntlet | Found a transporter.
 17216 | Gauntlet | Found a transporter.
 17233 | Gauntlet | Found a transporter.
 17233 | Gauntlet | Found a transporter.
 17233 | Gauntlet | Found a transporter.
 17236 | Gauntlet | Found a transporter.
 17236 | Gauntlet | Found a transporter.
 17252 | Gauntlet | Found a transporter.
 17267 | Gauntlet | Found a transporter.
 17272 | Gauntlet | Found a runed translucent door.
 17279 | Gauntlet | Found a transporter.
 17296 | Gauntlet | Found a transporter.
 17318 | Gauntlet | Found a transporter.
 17336 | Gauntlet | Found a transporter.
 17366 | Gauntlet | Gained mutation: You are weak. (Str -2) [a neqoxec]
 17371 | Gauntlet | Lost mutation: You expend magic power (3 MP) to strengthen
                  | your wands. [a neqoxec]
 17477 | Gauntlet | Identified the ring "Xibbeorr" {rElec rF+ SInv}
 17516 | Gauntlet | Identified the +1 falchion "Muecew" {drain, rF+ rN+}
 17676 | D:15     | Reached XP level 16. HP: 111/111 MP: 16/16
 17811 | D:15     | Found a staircase to the Depths.
 17861 | D:15     | Noticed Louise
 17866 | D:15     | Killed Louise
 17944 | D:15     | Lost mutation: You have hooves in place of feet. [Jiyva's
                  | grace]
 17944 | D:15     | Lost mutation: You have a moderately thin skeletal
                  | structure. (Dex +4, Stealth++) [Jiyva's grace]
 17944 | D:15     | Lost mutation: You are weak. (Str -2) [Jiyva's grace]
 17944 | D:15     | Gained mutation: Your melee attacks may engulf your foes in
                  | ooze. [Jiyva's grace]
 17944 | D:15     | Gained mutation: Your body has grown eyes which may confuse
                  | attackers. (Acc +3) [Jiyva's grace]
 17944 | D:15     | Gained mutation: Your body has grown many eyes which may
                  | confuse attackers. (Acc +5) [Jiyva's grace]
 17944 | D:15     | Gained mutation: Your body is covered in eyes which may
                  | confuse attackers. (Acc +7, SInv) [Jiyva's grace]
 18386 | Shoals:1 | Entered Level 1 of the Shoals
 18524 | Shoals:1 | Reached skill level 1 in Dodging
 18538 | Shoals:1 | Noticed Donald
 18556 | Shoals:1 | Killed Donald
 18892 | Shoals:1 | Found Gohobb's Jewellery Shop.
 19571 | Shoals:2 | Noticed a kraken
 19587 | Shoals:2 | Killed a kraken
 19689 | Shoals:2 | Noticed an acid blob
 19689 | Shoals:2 | an alligator snapping turtle changed into an acid blob
 19695 | Shoals:2 | Noticed Aizul
 19725 | Shoals:2 | Killed Aizul
 19962 | Shoals:2 | Reached skill level 10 in Stealth
 20222 | Slime:1  | Entered Level 1 of the Pits of Slime
 20252 | Slime:3  | Noticed a rockslime
 20268 | Slime:3  | Noticed an azure jelly
 20328 | Slime:2  | Noticed an acid blob
 20348 | Slime:1  | Noticed a rockslime
 20358 | Slime:1  | Noticed an acid blob
 20424 | Slime:1  | Noticed a rockslime
 20468 | Slime:1  | Noticed an acid blob
 20553 | Slime:3  | Noticed an azure jelly
 20579 | Slime:2  | Noticed an acid blob
 20579 | Slime:2  | Noticed an acid blob
 20585 | Slime:1  | Noticed an azure jelly
 20756 | Slime:3  | Noticed an acid blob
 20972 | Slime:5  | Entered Level 5 of the Pits of Slime
 20974 | Slime:5  | Noticed a rockslime
 20986 | Slime:5  | Found a viscous altar of Jiyva.
 20986 | Slime:5  | Noticed the Royal Jelly
 20987 | Slime:5  | Noticed an acid blob
 20987 | Slime:5  | Noticed an acid blob
 20989 | Slime:5  | Noticed an acid blob
 20990 | Slime:5  | Noticed an azure jelly
 20991 | Slime:5  | Noticed an acid blob
 20991 | Slime:5  | Noticed an acid blob
 20992 | Slime:5  | Noticed an acid blob
 20993 | Slime:5  | Noticed an acid blob
 20996 | Slime:5  | Identified the +3 halberd of the Walnut {pain, rElec rF-
                  | rN+++ Int+4}
 21000 | Slime:5  | Got the Spellbook of the Ghastly Tesseract
 21010 | Slime:5  | Identified the amulet of Upaeton {Reflect rC+ Str+4 SH+5
                  | Stlth+}
 21013 | Slime:5  | Got a slimy rune of Zot
 21014 | Slime:5  | Identified the ring "Umuhim" {+Blink rF+ Dex+6 SInv}
 21018 | Slime:5  | Identified the +9 arbalest "Ruoskukh" {freeze, rCorr}
 21019 | Slime:5  | Identified the +9 hand axe "Byok" {antimagic, *Slow rElec
                  | rC++ Int+4}
 21028 | Slime:5  | Identified the +1 lajatang of Gihiroib {vorpal, rF+ Will+}
 21046 | Slime:5  | Noticed a rockslime
 21080 | Slime:3  | Noticed an azure jelly
 21081 | Slime:3  | Noticed a rockslime
 21261 | Slime:2  | Noticed an acid blob
 21443 | Snake:1  | Entered Level 1 of the Snake Pit
 21569 | Snake:1  | Reached XP level 17. HP: 81/101 MP: 17/17
 21797 | Snake:1  | Lost mutation: You have hoof-like feet. [Jiyva's grace]
 21797 | Snake:1  | Lost mutation: You have a pair of horns on your head.
                  | [Jiyva's grace]
 21797 | Snake:1  | Lost mutation: You are partially covered in iridescent
                  | scales. (AC +2) [Jiyva's grace]
 21797 | Snake:1  | Lost mutation: You have a somewhat thin skeletal structure.
                  | (Dex +2, Stealth+) [Jiyva's grace]
 21797 | Snake:1  | Lost mutation: You possess an exceptional clarity of mind.
                  | [Jiyva's grace]
 21797 | Snake:1  | Lost mutation: Your body is covered in eyes which may
                  | confuse attackers. (Acc +7, SInv) [Jiyva's grace]
 21797 | Snake:1  | Gained mutation: Your muscles are strong. (Str +4, Int/Dex
                  | -1) [Jiyva's grace]
 21797 | Snake:1  | Gained mutation: Your muscles are very strong. (Str +8,
                  | Int/Dex -2) [Jiyva's grace]
 21797 | Snake:1  | Gained mutation: Your body is covered in eyes which may
                  | confuse attackers. (Acc +7, SInv) [Jiyva's grace]
 21797 | Snake:1  | Gained mutation: You are covered in slimy tendrils that may
                  | disarm your opponents. [Jiyva's grace]
 22326 | Snake:2  | Reached skill level 15 in Shields
 22907 | Snake:3  | Found a broken altar of Ashenzari.
 23241 | Snake:3  | Noticed Azrael
 23282 | Snake:3  | Killed Azrael
 23709 | Snake:4  | Entered Level 4 of the Snake Pit
 23709 | Snake:4  | Lost mutation: You have large cloven feet. [Jiyva's grace]
 23709 | Snake:4  | Lost mutation: Your body is covered in eyes which may
                  | confuse attackers. (Acc +7, SInv) [Jiyva's grace]
 23709 | Snake:4  | Lost mutation: You are covered in slimy tendrils that may
                  | disarm your opponents. [Jiyva's grace]
 23709 | Snake:4  | Lost mutation: You have a small jelly attached to you that
                  | senses nearby items. [Jiyva's grace]
 23709 | Snake:4  | Gained mutation: You have a small jelly attached to you
                  | that may absorb projectiles. [Jiyva's grace]
 23709 | Snake:4  | Gained mutation: Armour fits poorly on your large
                  | pseudopods. [Jiyva's grace]
 23709 | Snake:4  | Gained mutation: Armour fits poorly on your massive
                  | pseudopods. [Jiyva's grace]
 23709 | Snake:4  | Gained mutation: You have a pair of horns on your head.
                  | [Jiyva's grace]
 23786 | Snake:4  | Reached skill level 5 in Dodging
 23826 | Snake:4  | Reached XP level 18. HP: 125/125 MP: 16/18
 24011 | Snake:4  | Got a serpentine rune of Zot
 24079 | Snake:4  | Noticed Roxanne
 24603 | Snake:4  | Killed Roxanne
 24845 | Elf:1    | Entered Level 1 of the Elven Halls
 25052 | Elf:1    | Identified the +1 ring mail of the Chupacabra {Will+ Dex+2
                  | Stlth+}
 25153 | Elf:1    | Paralysed by an air elemental for 1 turns
 25378 | Elf:1    | Lost mutation: You have a pair of horns on your head.
                  | [Jiyva's grace]
 25378 | Elf:1    | Lost mutation: Armour fits poorly on your massive
                  | pseudopods. [Jiyva's grace]
 25378 | Elf:1    | Lost mutation: Armour fits poorly on your large pseudopods.
                  | [Jiyva's grace]
 25378 | Elf:1    | Lost mutation: Armour fits poorly on your pseudopods.
                  | [Jiyva's grace]
 25378 | Elf:1    | Lost mutation: You have a small jelly attached to you that
                  | may absorb projectiles. [Jiyva's grace]
 25378 | Elf:1    | Lost mutation: Your melee attacks may engulf your foes in
                  | ooze. [Jiyva's grace]
 25378 | Elf:1    | Gained mutation: Your natural rate of healing is unusually
                  | fast. [Jiyva's grace]
 25378 | Elf:1    | Gained mutation: You heal very quickly. [Jiyva's grace]
 25378 | Elf:1    | Gained mutation: You regenerate. [Jiyva's grace]
 25378 | Elf:1    | Gained mutation: You are somewhat resistant to further
                  | mutation. [Jiyva's grace]
 25714 | Elf:2    | Paralysed by an air elemental for 1 turns
 26187 | Elf:2    | Reached XP level 19. HP: 131/131 MP: 19/19
 26288 | Elf:2    | Found a runed translucent gate.
 26289 | Elf:2    | Found a runed translucent gate.
 26289 | Elf:2    | Found a runed translucent gate.
 26536 | Elf:2    | Reached XP level 20. HP: 137/137 MP: 20/20
 27000 | Shoals:3 | Noticed Bai Suzhen
 27030 | Shoals:2 | Killed Bai Suzhen
 27190 | Shoals:3 | Identified the +0 pair of boots of Inousk {rF+ Int+2}
 27306 | Shoals:3 | Gained mutation: Your melee attacks may engulf your foes in
                  | ooze. [Jiyva's grace]
 27306 | Shoals:3 | Gained mutation: You are agile. (Dex +4, Str/Int -1)
                  | [Jiyva's grace]
 27306 | Shoals:3 | Gained mutation: You are very agile. (Dex +8, Str/Int -2)
                  | [Jiyva's grace]
 27306 | Shoals:3 | Gained mutation: You are strong-willed. (Will+) [Jiyva's
                  | grace]
 27309 | Shoals:3 | Found a runed translucent door.
 27401 | Shoals:3 | Found Awkawas's Distillery.
 27410 | Shoals:3 | Bought a potion of heal wounds for 60 gold pieces
 27410 | Shoals:3 | Bought a potion of haste for 120 gold pieces
 27410 | Shoals:3 | Bought a potion of haste for 120 gold pieces
 27410 | Shoals:3 | Bought a potion of curing for 36 gold pieces
 27410 | Shoals:3 | Bought 2 potions of haste for 240 gold pieces
 27434 | Shoals:3 | Found Ocysoz's Weapon Shoppe.
 27492 | Shoals:3 | Bought 2 potions of cancellation for 192 gold pieces
 27782 | Shoals:3 | Noticed Siuc's ghost (journeyman MiFi)
 27892 | Shoals:3 | Killed Siuc's ghost
 27924 | Shoals:4 | Entered Level 4 of the Shoals
 28143 | Shoals:4 | Noticed Polyphemus
 28177 | Shoals:4 | Killed Polyphemus
 28231 | Shoals:4 | Got a barnacled rune of Zot
 28341 | Shoals:4 | Identified the +3 scale mail of the Armoured One {rF+ Int+2
                  | Stlth+}
 28525 | Shoals:4 | Reached skill level 15 in Stealth
 29350 | Vaults:1 | Entered Level 1 of the Vaults
 29654 | Vaults:1 | Lost mutation: You regenerate. [Jiyva's grace]
 29654 | Vaults:1 | Lost mutation: You heal very quickly. [Jiyva's grace]
 29654 | Vaults:1 | Lost mutation: Your body has grown many eyes which may
                  | confuse attackers. (Acc +5) [Jiyva's grace]
 29654 | Vaults:1 | Gained mutation: You have large cloven feet. [Jiyva's
                  | grace]
 29654 | Vaults:1 | Gained mutation: You have hoof-like feet. [Jiyva's grace]
 29654 | Vaults:1 | Gained mutation: You have hooves in place of feet. [Jiyva's
                  | grace]
 29654 | Vaults:1 | Gained mutation: You possess an exceptional clarity of
                  | mind. [Jiyva's grace]
 29847 | Vaults:1 | Reached XP level 21. HP: 144/144 MP: 21/21
 31013 | Vaults:2 | Reached skill level 15 in Polearms
 31125 | Vaults:2 | Noticed a bone dragon
 31145 | Vaults:2 | Killed a bone dragon
 31167 | Vaults:2 | Found a staircase to the Crypt.
 31400 | Vaults:2 | Lost mutation: You have hooves in place of feet. [Jiyva's
                  | grace]
 31400 | Vaults:2 | Lost mutation: You have a pair of small horns on your head.
                  | [Jiyva's grace]
 31400 | Vaults:2 | Lost mutation: You are very agile. (Dex +8, Str/Int -2)
                  | [Jiyva's grace]
 31400 | Vaults:2 | Lost mutation: You are agile. (Dex +4, Str/Int -1) [Jiyva's
                  | grace]
 31400 | Vaults:2 | Lost mutation: You possess an exceptional clarity of mind.
                  | [Jiyva's grace]
 31400 | Vaults:2 | Lost mutation: Your muscles are very strong. (Str +8,
                  | Int/Dex -2) [Jiyva's grace]
 31400 | Vaults:2 | Gained mutation: Your pliable body absorbs attacks. (AC +2,
                  | EV +2) [Jiyva's grace]
 31400 | Vaults:2 | Gained mutation: Your gelatinous body deflects attacks. (AC
                  | +3, EV +3) [Jiyva's grace]
 31400 | Vaults:2 | Gained mutation: You have acidic saliva. [Jiyva's grace]
 31400 | Vaults:2 | Gained mutation: You have a small jelly attached to you
                  | that may absorb projectiles. [Jiyva's grace]
 31857 | Vaults:3 | Found a runed translucent gate.
 31857 | Vaults:3 | Found a runed translucent gate.
 31859 | Vaults:3 | Found a runed translucent gate.
 31859 | Vaults:3 | Found an opulent altar of Gozag.
 31859 | Vaults:3 | Found Igin Ena's Assorted Antiques.
 31860 | Vaults:3 | Noticed Droegar's ghost (adept MiBe)
 31862 | Vaults:3 | Found Edatot's Assorted Antiques.
 32220 | Vaults:3 | You are sucked into a shaft and drop 1 floor!
 32284 | Vaults:4 | Reached XP level 22. HP: 152/152 MP: 22/22
 32443 | Vaults:4 | Reached skill level 10 in Dodging
 32588 | Vaults:4 | Noticed Margery
 32614 | Vaults:4 | Killed Margery
 32814 | Vaults:4 | Identified the +3 great sword of Victory {protect, rF+
                  | Int+5 Dex+7}
 33159 | Vaults:4 | Lost mutation: Your muscles are strong. (Str +4, Int/Dex
                  | -1) [Jiyva's grace]
 33159 | Vaults:4 | Gained mutation: Your flesh is heat resistant. (rF+)
                  | [Jiyva's grace]
 33159 | Vaults:4 | Gained mutation: Your flesh is very heat resistant. (rF++)
                  | [Jiyva's grace]
 33159 | Vaults:4 | Gained mutation: Your flesh is almost immune to the effects
                  | of heat. (rF+++) [Jiyva's grace]
 33159 | Vaults:4 | Gained mutation: You are partially covered in large bone
                  | plates. (SH +4) [Jiyva's grace]
 33408 | Vaults:4 | Found a portal to a secret trove of treasure.
 34082 | Vaults:3 | Found Wumawattik's General Store.
 34090 | Vaults:3 | Bought a potion of haste for 180 gold pieces
 34090 | Vaults:3 | Bought 2 potions of curing for 108 gold pieces
 34298 | Vaults:3 | Gained mutation: Your body sometimes deteriorates upon
                  | taking damage. [a neqoxec]
 34304 | Vaults:3 | Killed Droegar's ghost
 34327 | Vaults:3 | Bought 3 scrolls of teleportation for 180 gold pieces
 34327 | Vaults:3 | Bought an embroidered scarf for 160 gold pieces
 34495 | Depths:1 | Entered Level 1 of the Depths
 34554 | Depths:1 | Found an iron altar of Okawaru.
 34556 | Depths:1 | Found a hazy altar of Hepliaklqana.
 34556 | Depths:1 | Found a glowing golden altar of the Shining One.
 34559 | Depths:1 | Found a shimmering altar of Xom.
 34559 | Depths:1 | Found a hazy altar of Hepliaklqana.
 34559 | Depths:1 | Found a glowing silver altar of Zin.
 34647 | Depths:1 | Found a one-way gateway to a ziggurat.
 34666 | Depths:1 | Lost mutation: Your flesh is almost immune to the effects
                  | of heat. (rF+++) [Jiyva's grace]
 34666 | Depths:1 | Lost mutation: Your flesh is very heat resistant. (rF++)
                  | [Jiyva's grace]
 34666 | Depths:1 | Lost mutation: Your natural rate of healing is unusually
                  | fast. [Jiyva's grace]
 34666 | Depths:1 | Lost mutation: Your spells are a little harder to cast, but
                  | a little more powerful. [Jiyva's grace]
 34666 | Depths:1 | Gained mutation: Your muscles are strong. (Str +4, Int/Dex
                  | -1) [Jiyva's grace]
 34666 | Depths:1 | Gained mutation: Your muscles are very strong. (Str +8,
                  | Int/Dex -2) [Jiyva's grace]
 34666 | Depths:1 | Gained mutation: You are somewhat resistant to both further
                  | mutation and mutation removal. [Jiyva's grace]
 34666 | Depths:1 | Gained mutation: You are almost entirely resistant to
                  | further mutation and mutation removal. [Jiyva's grace]
 34675 | Depths:1 | Found a one-way gate to the infinite horrors of the Abyss.
 35018 | Depths:1 | Found a gateway to Hell.
 35123 | Depths:1 | Found a white marble altar of Elyvilon.
 35428 | Depths:2 | Found a one-way gate leading to the halls of Pandemonium.
 35507 | Depths:2 | Reached XP level 23. HP: 158/158 MP: 23/23
 35722 | Depths:2 | Got the Verses on Geometric Combat Magic
 36805 | Depths:3 | Noticed Mennas
 36821 | Depths:3 | Killed Mennas
 36930 | Depths:3 | Identified the +3 scale mail "Jukoq" {rN+}
 36931 | Depths:3 | Lost mutation: You have hoof-like feet. [Jiyva's grace]
 36931 | Depths:3 | Lost mutation: You are almost entirely resistant to further
                  | mutation and mutation removal. [Jiyva's grace]
 36931 | Depths:3 | Lost mutation: Your muscles are very strong. (Str +8,
                  | Int/Dex -2) [Jiyva's grace]
 36931 | Depths:3 | Lost mutation: Your gelatinous body deflects attacks. (AC
                  | +3, EV +3) [Jiyva's grace]
 36931 | Depths:3 | Lost mutation: Your melee attacks may engulf your foes in
                  | ooze. [Jiyva's grace]
 36931 | Depths:3 | Gained mutation: Your flesh is very heat resistant. (rF++)
                  | [Jiyva's grace]
 36931 | Depths:3 | Gained mutation: Your flesh is almost immune to the effects
                  | of heat. (rF+++) [Jiyva's grace]
 36931 | Depths:3 | Gained mutation: You have a pair of small horns on your
                  | head. [Jiyva's grace]
 36931 | Depths:3 | Gained mutation: You have a pair of horns on your head.
                  | [Jiyva's grace]
 37466 | Depths:3 | Identified the ring "Zushar Emiph" {Ice rElec rPois Int+5
                  | Slay-3}
 37466 | Depths:3 | Noticed Josephina
 37488 | Depths:3 | Killed Josephina
 37576 | Depths:3 | Noticed a golden dragon
 37584 | Depths:3 | Killed a golden dragon
 37744 | Depths:3 | Reached XP level 24. HP: 166/166 MP: 23/23
 38679 | Vaults:4 | You paid a toll of +3 gold dragon scales to enter a
                  | treasure trove
 38680 | Trove    | Entered a treasure trove
 38688 | Trove    | Identified the +2 pair of boots of Fyachoj {Dex+3}
 38701 | Trove    | Identified the +15 plate armour "Bimaypso" {Regen+ Str+2
                  | Dex+3}
 38703 | Trove    | Identified the +4 ring mail "Aru Reus" {Harm Slay+2 SInv}
 38704 | Trove    | Identified the +1 pair of boots of Purpose {rF+++ rC+
                  | Int-5}
 38705 | Trove    | Identified the +0 buckler of the Bulwark {Int+3}
 38708 | Trove    | Identified the +0 kite shield of the Bard {rN+++ Int+2}
 38717 | Trove    | Identified the +4 tower shield of Zazxutia {Fly rN++
                  | Regen+}
 38719 | Trove    | Identified the +1 pair of gloves of Protective Custody
                  | {Contam MP+9 Stlth+}
 39114 | Elf:3    | Entered Level 3 of the Elven Halls
 39485 | Elf:3    | Identified the +1 chain mail "Nidwubb" {Rampage rC- Slay+5
                  | SInv}
 39562 | Elf:3    | Identified the +9 war axe "Goblinslayer" {vorpal, rF+}
 39646 | Elf:3    | Identified the +11 morningstar "Duff" {venom, Dex+4}
 39646 | Elf:3    | Identified the ring "Lyoggush" {rPois Will+ rCorr Dex-4
                  | SInv}
 39737 | Elf:3    | Identified the +4 plate armour of Dogma {rN+ Will+ rCorr}
 39751 | Elf:3    | Found the +8 arc blade {discharge, rElec}
 39754 | Elf:3    | Identified the +1 plate armour "Raonwur" {rC++ Slay+3}
 39764 | Elf:3    | Got the Tractate on Stones
 39775 | Elf:3    | Got the Papyrus of Entrancing Calling
 40059 | Elf:3    | Found Baamn's Book Boutique.
 40493 | Vaults:5 | Entered Level 5 of the Vaults
 40497 | Vaults:5 | Noticed an ancient lich
 40807 | Vaults:4 | Reached XP level 25. HP: 132/172 MP: 23/23
 40832 | Vaults:5 | Killed an ancient lich
 41089 | Vaults:5 | Identified the +4 short sword "Leorr" {vorpal, rF++ Int+4
                  | Stlth-}
 41155 | Vaults:5 | Identified the +8 battleaxe of the Poles {venom, rC+ Will+
                  | Str+4 Int+4}
 41344 | Vaults:5 | Identified the +10 great mace of Wenuaheu {distort, Str+9}
 41428 | Vaults:5 | Lost mutation: You have large cloven feet. [Jiyva's grace]
 41428 | Vaults:5 | Lost mutation: You have a pair of horns on your head.
                  | [Jiyva's grace]
 41428 | Vaults:5 | Lost mutation: Your pliable body absorbs attacks. (AC +2,
                  | EV +2) [Jiyva's grace]
 41428 | Vaults:5 | Lost mutation: Your rubbery body absorbs attacks. (AC +1,
                  | EV +1) [Jiyva's grace]
 41428 | Vaults:5 | Lost mutation: You have a small jelly attached to you that
                  | may absorb projectiles. [Jiyva's grace]
 41428 | Vaults:5 | Gained mutation: You are covered in slimy tendrils that may
                  | disarm your opponents. [Jiyva's grace]
 41428 | Vaults:5 | Gained mutation: You have an increased reservoir of magic.
                  | (+10% MP) [Jiyva's grace]
 41428 | Vaults:5 | Gained mutation: You have a considerably increased
                  | reservoir of magic. (+20% MP) [Jiyva's grace]
 41428 | Vaults:5 | Gained mutation: You have a greatly increased reservoir of
                  | magic. (+30% MP) [Jiyva's grace]
 41517 | Vaults:5 | Got a silver rune of Zot
 41900 | Vaults:5 | Got the Octavo of the Quarry
 42243 | Depths:4 | Entered Level 4 of the Depths
 42478 | Depths:4 | Noticed a juggernaut
 42497 | Depths:4 | Slimified a juggernaut
 42497 | Depths:4 | a juggernaut changed into an azure jelly
 42752 | Depths:4 | Reached skill level 15 in Dodging
 42861 | Depths:4 | Found a gate to the Realm of Zot.
 43165 | Depths:3 | Voluntarily entered the Abyss.
 43656 | Abyss:2  | Reached XP level 26. HP: 168/180 MP: 29/29
 43675 | Abyss:3  | Lost mutation: Your flesh is almost immune to the effects
                  | of heat. (rF+++) [Jiyva's grace]
 43675 | Abyss:3  | Lost mutation: You have a greatly increased reservoir of
                  | magic. (+30% MP) [Jiyva's grace]
 43675 | Abyss:3  | Lost mutation: You have a considerably increased reservoir
                  | of magic. (+20% MP) [Jiyva's grace]
 43675 | Abyss:3  | Lost mutation: Your muscles are strong. (Str +4, Int/Dex
                  | -1) [Jiyva's grace]
 43675 | Abyss:3  | Gained mutation: Your movements are slightly less
                  | encumbered by armour. (ER -2) [Jiyva's grace]
 43675 | Abyss:3  | Gained mutation: Your movements are less encumbered by
                  | armour. (ER -4) [Jiyva's grace]
 43675 | Abyss:3  | Gained mutation: Your movements are significantly less
                  | encumbered by armour. (ER -6) [Jiyva's grace]
 43675 | Abyss:3  | Gained mutation: You have a small jelly attached to you
                  | that may absorb projectiles. [Jiyva's grace]
 43836 | Abyss:3  | Paralysed by accursed screaming for 1 turns
 44165 | Abyss:3  | Noticed a dread lich
 44180 | Abyss:3  | Killed a dread lich
 44307 | Abyss:3  | Paralysed by accursed screaming for 2 turns
 44457 | Abyss:3  | Paralysed by accursed screaming for 1 turns
 44463 | Abyss:3  | Paralysed by accursed screaming for 1 turns
 44579 | Abyss:4  | Gained mutation: You sometimes lose your temper in combat.
                  | [a cacodemon]
 44992 | Abyss:4  | Got an abyssal rune of Zot
 45002 | Depths:3 | Escaped the Abyss
 45231 | Crypt:1  | Entered Level 1 of the Crypt
 45422 | Crypt:1  | Found a runed translucent gate.
 45422 | Crypt:1  | Found a runed translucent gate.
 45422 | Crypt:1  | Found a runed translucent gate.
 45428 | Crypt:1  | Noticed Teduw's ghost (veteran MiGl)
 45428 | Crypt:1  | Found the +8 autumn katana {vorpal, manifold assault}
 45429 | Crypt:1  | Found an iron altar of Okawaru.
 46164 | Crypt:1  | Killed Teduw's ghost
 46221 | Crypt:1  | Identified the +1 robe of the Valley {Dex+4}
 46271 | Crypt:2  | Lost mutation: You have a pair of small horns on your head.
                  | [Jiyva's grace]
 46271 | Crypt:2  | Lost mutation: You are partially covered in large bone
                  | plates. (SH +4) [Jiyva's grace]
 46271 | Crypt:2  | Lost mutation: You sometimes lose your temper in combat.
                  | [Jiyva's grace]
 46271 | Crypt:2  | Lost mutation: Your flesh is very heat resistant. (rF++)
                  | [Jiyva's grace]
 46271 | Crypt:2  | Lost mutation: You are strong-willed. (Will+) [Jiyva's
                  | grace]
 46271 | Crypt:2  | Gained mutation: Your mind is acute. (Int +4, Str/Dex -1)
                  | [Jiyva's grace]
 46271 | Crypt:2  | Gained mutation: Your mind is very acute. (Int +8, Str/Dex
                  | -2) [Jiyva's grace]
 46271 | Crypt:2  | Gained mutation: You passively dampen the noise of your
                  | surroundings. [Jiyva's grace]
 46271 | Crypt:2  | Gained mutation: Your flesh is cold resistant. (rC+)
                  | [Jiyva's grace]
 46439 | Crypt:2  | Noticed Xtahua
 46451 | Crypt:2  | Killed Xtahua
 46612 | Crypt:2  | Found an ancient bone altar of Kikubaaqudgha.
 46946 | Crypt:3  | Entered Level 3 of the Crypt
 47014 | Crypt:3  | Reached XP level 27. HP: 186/186 MP: 25/25
 47237 | Crypt:3  | Found a basalt altar of Yredelemnul.
 47528 | Crypt:3  | Identified the ring of Due Proportion {Fly Dex+6}
 47757 | Crypt:3  | Identified the +5 whip of Ragnarok {vorpal, Str+3}
 47818 | Crypt:3  | Found a staircase to the Tomb.
 47818 | Crypt:3  | Noticed Khufu
 47823 | Crypt:3  | Killed Khufu
 47836 | Crypt:3  | Got the Essays on Necromancy
 47838 | Crypt:3  | Got Sif Muna's Quarto of Transformed Spellbinding
 47870 | Crypt:3  | Identified the +11 spear of Dute {protect, SInv}
 48318 | Zot:1    | Entered Level 1 of the Realm of Zot
 48496 | Zot:1    | Lost mutation: Your body sometimes deteriorates upon taking
                  | damage. [Jiyva's grace]
 48496 | Zot:1    | Lost mutation: You have an increased reservoir of magic.
                  | (+10% MP) [Jiyva's grace]
 48496 | Zot:1    | Lost mutation: You are covered in slimy tendrils that may
                  | disarm your opponents. [Jiyva's grace]
 48496 | Zot:1    | Lost mutation: You have a small jelly attached to you that
                  | may absorb projectiles. [Jiyva's grace]
 48496 | Zot:1    | Gained mutation: Your flesh is very cold resistant. (rC++)
                  | [Jiyva's grace]
 48496 | Zot:1    | Gained mutation: Your flesh is almost immune to the effects
                  | of cold. (rC+++) [Jiyva's grace]
 48496 | Zot:1    | Gained mutation: You have a pair of small horns on your
                  | head. [Jiyva's grace]
 48496 | Zot:1    | Gained mutation: You have a pair of horns on your head.
                  | [Jiyva's grace]
 49520 | Zot:2    | Noticed an orb of fire
 49523 | Zot:2    | Killed an orb of fire
 49831 | Zot:2    | Found the +4 dragonskin cloak
 49831 | Zot:2    | Noticed Tiamat
 49910 | Zot:2    | Killed Tiamat
 49984 | Zot:2    | Lost mutation: Your flesh is almost immune to the effects
                  | of cold. (rC+++) [Jiyva's grace]
 49984 | Zot:2    | Lost mutation: Your movements are significantly less
                  | encumbered by armour. (ER -6) [Jiyva's grace]
 49984 | Zot:2    | Lost mutation: Your movements are less encumbered by
                  | armour. (ER -4) [Jiyva's grace]
 49984 | Zot:2    | Lost mutation: You passively dampen the noise of your
                  | surroundings. [Jiyva's grace]
 49984 | Zot:2    | Gained mutation: You are partially covered in iridescent
                  | scales. (AC +2) [Jiyva's grace]
 49984 | Zot:2    | Gained mutation: You are mostly covered in iridescent
                  | scales. (AC +4) [Jiyva's grace]
 49984 | Zot:2    | Gained mutation: You are completely covered in iridescent
                  | scales. (AC +6) [Jiyva's grace]
 49984 | Zot:2    | Gained mutation: You have a somewhat thin skeletal
                  | structure. (Dex +2, Stealth+) [Jiyva's grace]
 51804 | Zot:4    | Found a basalt altar of Yredelemnul.
 53014 | Zot:4    | Got the Directory of the Zealot
 53029 | Zot:4    | Got the Omnibus of Fire and Brimstone
 53231 | Zot:5    | Entered Level 5 of the Realm of Zot
 53273 | Zot:5    | Found a transporter.
 53346 | Zot:5    | Lost mutation: You have a pair of horns on your head.
                  | [Jiyva's grace]
 53346 | Zot:5    | Lost mutation: You have a somewhat thin skeletal structure.
                  | (Dex +2, Stealth+) [Jiyva's grace]
 53346 | Zot:5    | Lost mutation: Your flesh is heat resistant. (rF+) [Jiyva's
                  | grace]
 53346 | Zot:5    | Lost mutation: You are somewhat resistant to both further
                  | mutation and mutation removal. [Jiyva's grace]
 53346 | Zot:5    | Gained mutation: You have a pair of horns on your head.
                  | [Jiyva's grace]
 53346 | Zot:5    | Gained mutation: You have a pair of large horns on your
                  | head. [Jiyva's grace]
 53346 | Zot:5    | Gained mutation: Armour fits poorly on your pseudopods.
                  | [Jiyva's grace]
 53346 | Zot:5    | Gained mutation: Armour fits poorly on your large
                  | pseudopods. [Jiyva's grace]
 53502 | Zot:5    | Found a blossoming altar of Fedhas.
 53555 | Zot:5    | Found a transporter.
 53560 | Zot:5    | Found a transporter.
 53577 | Zot:5    | Found a transporter.
 53728 | Zot:5    | Identified the +1 ring mail of the Kraken {Int+4}
 54234 | Lair:2   | Killed Taurus's ghost
 54454 | D:2      | Bought the +8 demon trident "Rift" {distort, reach+} for
                  | 1943 gold pieces
 54454 | D:2      | Found the +8 demon trident "Rift" {distort, reach+}
 54724 | Hell     | Entered the Vestibule of Hell
 54724 | Hell     | Noticed Geryon
 54746 | Hell     | Killed Geryon
 54957 | Hell     | Found a gateway to the freezing wastes of Cocytus.
 55015 | Hell     | Found a gateway to the Iron City of Dis.
 55050 | Hell     | Found a gateway to the ashen valley of Gehenna.
 55176 | Hell     | Found a gateway to the decaying netherworld of Tartarus.
 55400 | Geh:1    | Entered Level 1 of Gehenna
 55807 | Geh:2    | You are sucked into a shaft and drop 2 floors!
 56346 | Geh:6    | Lost mutation: You have a pair of large horns on your head.
                  | [Jiyva's grace]
 56346 | Geh:6    | Lost mutation: Your mind is very acute. (Int +8, Str/Dex
                  | -2) [Jiyva's grace]
 56346 | Geh:6    | Lost mutation: Your mind is acute. (Int +4, Str/Dex -1)
                  | [Jiyva's grace]
 56346 | Geh:6    | Lost mutation: Your body has grown eyes which may confuse
                  | attackers. (Acc +3) [Jiyva's grace]
 56346 | Geh:6    | Lost mutation: Armour fits poorly on your large pseudopods.
                  | [Jiyva's grace]
 56346 | Geh:6    | Gained mutation: Your rubbery body absorbs attacks. (AC +1,
                  | EV +1) [Jiyva's grace]
 56346 | Geh:6    | Gained mutation: Your pliable body absorbs attacks. (AC +2,
                  | EV +2) [Jiyva's grace]
 56346 | Geh:6    | Gained mutation: Your gelatinous body deflects attacks. (AC
                  | +3, EV +3) [Jiyva's grace]
 56346 | Geh:6    | Gained mutation: Your body has grown eyes which may confuse
                  | attackers. (Acc +3) [Jiyva's grace]
 56414 | Geh:7    | Entered Level 7 of Gehenna
 57059 | Geh:7    | Found the +7 sceptre of Asmodeus
 57059 | Geh:7    | Noticed Asmodeus
 57080 | Geh:7    | Killed from afar by a Brimstone Fiend

Illustrated notes

Levels and vault maps discovered:
D:1:      sevenhm_arrival_forest_fort_small_4, layout_loops_corners,
          basic_ecumenical_altar, serial_shops, nicolae_square_shop
D:2:      layout_rooms, serial_shops, shop, serial_bayou_lagoon_b
D:3:      layout_loops_cross, nicolae_overflow_crystal_walls, serial_shops,
          shop, grunt_decor_resistance
D:4:      wad_crossroads, layout_loops_ring, lemuel_tele_altar,
          mainiacjoe_overflow_24_doors, minmay_temple_entry_offerings,
          serial_shops, nicolae_shop_statue_plus, uniq_robin
D:5:      layout_cave_pools, mainiacjoe_overflow_chevrons, uniq_edmund,
          uniq_menkaure
D:6:      layout_basic, serial_shops, shop, uniq_blork_the_orc, uniq_grinder
D:7:      layout_loops_ring, minitemple, enter_bailey_6, uniq_prince_ribbit1,
          uniq_pikel
D:8:      layout_rooms, david_lair_generic
D:9:      layout_loops_corners, lemuel_doored_altar,
          yredelemnul_forgotten_temple_becter, cheibriados_altar_1, uniq_harold
D:10:     layout_cave_pods, grunt_temple_overflow_order_and_chaos_2,
          mainiacjoe_overflow_alcove_2, general_overflow_altar, serial_shops,
          shop
D:11:     minmay_tile_spiral, layout_long_grid, uniq_urug
D:12:     layout_roguey [special_room_orc], erik_orc_4, gammafunk_ghost_split,
          serial_shops, nicolae_diamond_shop, kennysheep_just_a_vault
D:13:     layout_roguey, kennysheep_generic_room_7, uniq_nessos
D:14:     layout_basic, david_vaults_3, serial_shops, shop_fountains,
          nicolae_kite_square_tiling_tiny
D:15:     hangedman_depths_entry_civil_slaughter, layout_loops_cross,
          gauntlet_entry_generic, minmay_misc_feat_diagonals,
          nicolae_shop_firing_range, uniq_louise
Lair:1:   beast_lair_carwin_large_1, layout_concentric_octagons,
          infiniplex_staircase_pool_2
Lair:2:   dreamdust_cave_troll, layout_misc_corridors,
          guppyfry_snake_entry_garden, ebering_ghost_funeral_grove,
          infiniplex_staircase_pool
Lair:3:   layout_small_grid, shoals_dummy_entry
Lair:4:   layout_small_grid, uniq_sonja
Lair:5:   hangedman_lair_tendril_chambers, layout_concentric_octagons,
          slime_entry_1, ebering_ghost_reflecting_pool,
          dreamdust_gnoll_shepherd, serial_bayou_shore_a
Shoals:1: layout_shoals, serial_shops, nicolae_shop_crystal, uniq_donald
Shoals:2: layout_shoals, nicolae_shoals_siren_and_animal_friends, uniq_aizul
Shoals:3: layout_shoals, ebering_ghost_reflecting_pool, serial_shops, shop,
          shop, uniq_bai_suzhen
Shoals:4: shoals_end_grunt_ice, layout_shoals, uniq_polyphemus
Snake:1:  layout_basic
Snake:2:  nrook_guardian_serpent_snake_passage, layout_basic,
          nicolae_fountain_basement
Snake:3:  cheibrodos_forgotten_conduit, layout_cave_town, basic_altar,
          uniq_azrael
Snake:4:  snake_pit, layout_onion_interference, uniq_roxanne
Slime:1:  layout_caves
Slime:2:  layout_caves
Slime:3:  layout_caves, nicolae_slime_phagocytosis
Slime:4:  layout_caves, cheibrodos_slime_lost_civilization_6
Slime:5
Orc:1:    layout_diamond_mine
Orc:2:    st_orc_congregation, layout_diamond_mine, serial_shops, shop
Elf:1:    layout_geoelf_octagon, evilmike_minifort, dk_noncrumbling_3,
          item_on_display_a
Elf:2:    nicolae_elf_blades_crystal_corner, layout_onion_city
Elf:3:    minmay_elf_hall_statues, layout_loops_corners, serial_shops,
          nicolae_shop_window_shopping, hangedman_elven_crosses_minicolossus
Vaults:1: v_misc_12, grunt_vaults_twisty, ontoclasm_vaults_hangar,
          nicolae_vaults_ninety_degrees, nicolae_vaults_big_angled_halls,
          vaults_standard_mumra_x, v_misc_5, vaults_room_boxed, st_lines,
          grunt_vaults_hallway_short, nicolae_vaults_little_squares_4,
          v_misc_19, vaults_dpeg_encased_lava, vaults_room_stairs_pillars,
          nicolae_vaults_rhombus_6, layout_vaults_omnibox
Vaults:2: nicolae_vaults_circle_grid_b, minmay_crypt_entry_nasty_monster,
          hangedman_vaults_capsules, vaults_room_door_ring,
          nicolae_vaults_little_squares_4, vaults_mumra_chevron_long, v_misc_24,
          vaults_dpeg_emergency_exit, vaults_room_corners,
          ontoclasm_vaults_claustrophobia, hangedman_vaults_trim,
          v_alt_pattern_2, serial_ice_m, v_misc_30, nicolae_vaults_theta,
          layout_vaults_big_room
Vaults:3: ebering_ghost_gozag, v_misc_8, v_rooms_2, vaults_room_pools,
          hangedman_vaults_stitches, vaults_dpeg_diagonal,
          hangedman_vaults_maws, layout_vaults_omnigrid, serial_shops, shop
Vaults:4: hangedman_vaults_restitches, nicolae_vaults_network_square,
          hangedman_vaults_restitches, st_lattice, v_alt_pattern_3,
          ontoclasm_vaults_bender, vaults_mumra_minichess,
          ontoclasm_vaults_gateway, v_misc_23, v_misc_1,
          nicolae_vaults_mini_display_case, serial_ice_m,
          nicolae_vaults_shelves_hall, layout_vaults_ring,
          nicolae_trove_entry_crystal, uniq_margery
Vaults:5
Crypt:1:  layout_misc_corridors, gammafunk_ghost_fury_of_okawaru,
          skrybe_necro_troll_2
Crypt:2:  layout_gridlike, basic_altar, grunt_megastairs_2, uniq_xtahua
Crypt:3:  grunt_crypt_end_deaths_head
Depths:1: layout_cave_pools, enter_ziggurat_b, pf_hell_entry_tar_spiral,
          elyvilon_altar_3, minmay_room_of_horrors, doesnt_xom_only_xom
Depths:2: minmay_the_grid_square_5x5_4x4_mashed [minmay_the_grid_square_5x5_c,
          minmay_the_grid_square_5x5_comb,
          minmay_the_grid_square_5x5_spiral_small,
          minmay_the_grid_square_5x5_seven, minmay_the_grid_square_5x5_moneybag,
          minmay_the_grid_square_5x5_prize_waves,
          minmay_the_grid_square_5x5_prize_itemx,
          minmay_the_grid_square_5x5_lines,
          minmay_the_grid_square_5x5_doubleslash,
          minmay_the_grid_square_5x5_prize_pseudospiral,
          minmay_the_grid_square_5x5_prize_monsterx,
          minmay_the_grid_square_5x5_inner_z, minmay_the_grid_square_5x5_two,
          minmay_the_grid_square_5x5_z, minmay_the_grid_square_5x5_dogpile,
          minmay_the_grid_square_5x5_fancy_junction], layout_basic,
          hangedman_coc_ice_floe, rand_demon_pan_entry_5,
          nicolae_figureground_sparkle
Depths:3: nzn_winding_woodlands_huge [nzn_winding_woodlands_5x15_lazy_stream,
          nzn_winding_woodlands_5x15_pockets, nzn_winding_woodlands_5x15_eye,
          nzn_winding_woodlands_5x15_concentric,
          nzn_winding_woodlands_5x15_twine, nzn_winding_woodlands_5x15_jagged,
          nzn_winding_woodlands_5x15_pathside_ponds,
          nzn_winding_woodlands_5x15_sidewinder,
          nzn_winding_woodlands_5x15_split_checker,
          nzn_winding_woodlands_5x15_zeroes,
          nzn_winding_woodlands_center_diamonds,
          nzn_winding_woodlands_center_pierced_h,
          nzn_winding_woodlands_15x15_five_gardens], layout_basic, abyss_entry,
          minmay_splitting_lines, grunt_hell_entry_dis_old, uniq_josephina,
          uniq_mennas
Depths:4: grunt_zot_entry_pinwheel, layout_cross, pf_vacation_house_of_asmodeus,
          chequers_big_river, serial_bayou_shore_b
Hell
Geh:1:    layout_gehenna_lava_caves
Geh:2:    nicolae_hells_demon_pit, layout_gehenna_pools_triple
Geh:4:    layout_gehenna_pools_triple
Geh:5:    layout_gehenna_pools_box, nicolae_geh_gnashing_of_teeth
Geh:6:    layout_gehenna_lava_caves
Geh:7:    geh_mu
Zot:1:    layout_gridlike, zot_minivault_2
Zot:2:    layout_cellular_growth, grunt_megastairs_4, uniq_tiamat
Zot:3:    layout_cathedral_of_symmetry, st_single_dragon_hoard_1, st_stairs_1
Zot:4:    nicolae_zot_draconian_monastery, layout_basic, zot_minivault_6
Zot:5:    layout_misc_corridors, basic_altar, bh_zot_lava_cross,
          hangedman_zot_decor_checkerboard, nicolae_transporter_circle

Skill      XL: |  1  2  3  4  5  6  7  8  9 10 11 12 13 14 15 16 17 18 19 20 21 22 23 24 25 26 27 |
---------------+----------------------------------------------------------------------------------+-----
Polearms       | 2 3 4 5 6 8 10 12 13 14 15 16 17 18 20 | 20.2
Fighting       | 4 8 11 12 13 15 16 17 18 19 20 21 22 25 | 25.0
Armour         | 4 8 11 12 13 15 16 17 18 19 20 21 22 25 | 25.0
Stealth        | 2 6 8 10 11 14 15 16 17 18 19 20 24 | 24.0
Shields        | 4 7 9 11 13 14 15 16 17 18 19 20 21 23 | 23.5
Dodging        | 3 5 6 7 9 11 12 14 15 16 18 | 18.9

Action                   |  1- 3 |  4- 6 |  7- 9 | 10-12 | 13-15 | 16-18 | 19-21 | 22-24 | 25-27 || total
-------------------------+-------+-------+-------+-------+-------+-------+-------+-------+-------++-------
Melee: Trident           |   111 |    36 |       |       |       |       |       |       |       ||   147
       Lance             |       |    49 |   230 |   707 |  1564 |  1458 |  1387 |  1909 |  3857 || 11161
       Pseudopods        |       |     3 |    25 |   129 |   298 |   221 |       |       |   233 ||   909
       Headbutt          |       |       |       |       |   262 |   230 |   220 |   240 |   900 ||  1852
       Kick              |       |       |       |       |    77 |    59 |   146 |       |       ||   282
       Bite              |       |       |       |       |       |       |    67 |   360 |   600 ||  1027
       Trishula          |       |       |       |       |       |       |       |    73 |    16 ||    89
Invok: Oozemancy         |       |       |       |       |     7 |    19 |     5 |    16 |     2 ||    49
       Slimify           |       |       |       |       |       |     1 |       |       |     1 ||     2
  Use: Scroll            |     1 |     1 |     4 |     6 |    11 |     5 |       |    10 |    23 ||    61
       Potion            |       |       |     2 |       |     3 |     3 |     1 |     1 |     9 ||    19
 Stab: Invisible         |       |       |       |    11 |    38 |    12 |    16 |    17 |    13 ||   107
       Sleeping          |       |       |       |       |    15 |    16 |    27 |    41 |   133 ||   232
       Distracted        |       |       |       |       |     4 |     2 |     7 |    10 |    32 ||    55
       Confused          |       |       |       |       |       |    17 |    17 |    16 |    19 ||    69
       Paralysed         |       |       |       |       |       |       |       |     1 |       ||     1
Armor: Scale mail        |    32 |    40 |    55 |   199 |    70 |       |       |       |       ||   396
       Ice dragon scales |       |       |       |       |   199 |   262 |   301 |   238 |       ||  1000
       Shadow dragon sca |       |       |       |       |       |       |       |   154 |   830 ||   984
Dodge: Dodged            |    41 |    31 |    53 |   303 |   637 |   357 |   465 |   601 |   852 ||  3340
Block: Buckler           |    20 |    21 |    44 |    99 |   156 |       |       |       |       ||   340
       Kite shield       |       |       |       |       |   258 |   618 |   845 |   953 |       ||  2674
       Tower shield      |       |       |       |       |    21 |       |       |   460 |  2902 ||  3383
       Reflection        |       |       |       |       |       |    71 |    60 |    73 |    71 ||   275
